 Dungeon Crawl Stone Soup version 0.28-a0-261-gc0b50483a2 (webtiles) character file.

Game seed: 1019299415727158017

5547 Malachi the Basher (level 10, -1/83 HPs)
             Began as a Ghoul Fighter on Aug 27, 2021.
             Was a High Priest of Cheibriados.
             Slain by an orc warrior (4 damage)
             ... on level 8 of the Dungeon.
             The game lasted 00:12:32 (8070 turns).

Malachi the Basher (Ghoul Fighter)                  Turns: 8070, Time: 00:12:33

Health: -1/83      AC: 24    Str: 43    XL:     10   Next: 71%
Magic:  10/14      EV:  8    Int: 16    God:    Cheibriados [*****.]
Gold:   149        SH: 17    Dex: 16    Spells: 9/9 levels left

rFire   . . .      SeeInvis .   q - +2 flail (protect)
rCold   + . .      Faith    .   c - +1 kite shield
rNeg    + + +      Spirit   .   t - +3 chain mail of Ceqabyas {rPois Will+ rCorr Dex-5}
rPois   ∞          Reflect  +   v - +0 hat
rElec   .          Harm     .   g - +0 cloak
rCorr   +          Rampage  .   j - +0 pair of gloves
Will    +....                   A - +0 pair of boots
Stlth   ..........              z - amulet of reflection
HPRegen 0.00/turn               m - +6 ring of strength
MPRegen 0.14/turn               p - ring of flight

@: under a protective aura, flying, inhibited regen, very slow
A: claws 1, cold resistance 1, negative energy resistance 3, inhibited
regeneration, torment resistance 2
a: Renounce Religion, Bend Time, Temporal Distortion, Slouch, Step From Time


You were on level 8 of the Dungeon.
You worshipped Cheibriados.
Cheibriados was extremely pleased with you.
You visited 1 branch of the dungeon, and saw 8 of its levels.

You collected 348 gold pieces.
You spent 199 gold pieces at shops.

Inventory:

Hand Weapons
 q - a +2 flail of protection (weapon)
Missiles
 d - 6 boomerangs
 f - 4 atropa-tipped darts (quivered)
 k - 5 curare-tipped darts
Armour
 c - a +1 kite shield (worn)
 g - a +0 cloak (worn)
 j - a +0 pair of gloves (worn)
 t - the +3 chain mail of Ceqabyas (worn) {rPois Will+ rCorr Dex-5}
   (You bought it in a shop on level 4 of the Dungeon)

   Dex:       It affects your dexterity (-5).
   rPois:     It protects you from poison.
   rCorr:     It protects you from acid and corrosion.
   Will:      It increases your willpower.
 v - a +0 hat (worn)
 y - +0 steam dragon scales
 A - a +0 pair of boots (worn)
Jewellery
 a - an amulet of guardian spirit
 e - a +6 ring of intelligence
 m - a +6 ring of strength (left hand)
 p - a ring of flight (right hand)
 u - a ring of wizardry
 z - an amulet of reflection (around neck)
Wands
 l - a wand of mindburst (14)
 B - a wand of paralysis (6)
 C - a wand of acid (4)
Scrolls
 b - a scroll of magic mapping
 h - 2 scrolls of enchant armour
 s - 2 scrolls of identify
 D - a scroll of immolation
Potions
 i - a potion of berserk rage
 n - 4 potions of flight
 o - a potion of might
 r - a potion of magic {unknown}
 w - a potion of brilliance {unknown}
 x - 2 potions of curing


   Skills:
 + Level 6.2 Fighting
 + Level 8.3 Maces & Flails
 + Level 6.2 Armour
 - Level 0.4 Dodging
 + Level 1.0 Stealth
 + Level 7.2 Shields
 * Level 7.6 Invocations
 + Level 0.4 Evocations


You had 9 spell levels left.
You didn't know any spells.
Your spell library contained the following spells:

 Spells                   Type           Power      Damage    Failure   Level
 Magic Dart               Conj           0%         1d3       90%         1
 Call Imp                 Summ           0%         N/A       97%         2
 Slow                     Hex            0%         N/A       97%         2
 Call Canine Familiar     Summ           0%         N/A       99%         3
 Confusing Touch          Hex            0%         N/A       99%         3
 Gell's Gravitas          Tloc           0%         N/A       99%         3
 Lesser Beckoning         Tloc           0%         N/A       99%         3
 Mephitic Cloud           Conj/Pois/Air  0%         N/A       99%         3
 Portal Projectile        Hex/Tloc       0%         N/A       99%         3
 Summon Guardian Golem    Hex/Summ       0%         N/A       99%         3
 Teleport Other           Tloc           0%         N/A       99%         3
 Vampiric Draining        Necr           0%         2d6       99%         3
 Leda's Liquefaction      Hex/Erth       0%         N/A       100%        4
 Orb of Destruction       Conj           0%         N/A       100%        7
 Spellforged Servitor     Conj/Summ      0%         N/A       100%        7


Dungeon Overview and Level Annotations

Branches:
Dungeon (8/15)             Temple (0/1) D:6
   Lair: D:8-11

Altars:
Cheibriados
Dithmenos
Elyvilon
Kikubaaqudgha
Okawaru
Qazlal
Trog
Wu Jian
Xom
Yredelemnul
The Shining One

Shops:
D:4 [   D:6 *


Innate Abilities, Weirdness & Mutations

You thrive by killing the living.
You are immune to poison.
You have sharp fingernails.
Your flesh is cold resistant. (rC+)
You are immune to negative energy. (rN+++)
You do not regenerate when monsters are visible.
You are immune to unholy pain and torment.


Message History

The manticore is heavily wounded.
You block the manticore's attack. The manticore claws you!
* * * LOW HITPOINT WARNING * * *
The manticore barely misses you.
You hit the manticore.
The manticore is heavily wounded.
The manticore bites you but does no damage.
You block the manticore's attack.
The manticore claws you but does no damage.
You hit the manticore but do no damage.
The manticore is heavily wounded.
You block the manticore's attack. The manticore barely misses you.
You block the manticore's attack.
You closely miss the manticore.
The manticore is heavily wounded.
You block the manticore's attack.
The manticore claws you but does no damage.
You block the manticore's attack.
You bludgeon the manticore!!
The manticore is almost dead.
You block the manticore's attack. x2
The manticore claws you but does no damage.
You hit the manticore.
The manticore is almost dead.
The manticore barely misses you.
The manticore claws you but does no damage.
The manticore barely misses you. The manticore bites you.
* * * LOW HITPOINT WARNING * * *
The manticore claws you!
* * * LOW HITPOINT WARNING * * *
The manticore closely misses you.
You sock the manticore!
You kill the manticore!
Cheibriados thoroughly appreciates the change of pace.
Aiming: Corrosive Bolt
Press: ? - help, Shift-Dir - straight line, f - orc warrior
Aim: an orc warrior, wielding a +0 vorpal great sword, wearing a +0 chain mail, wearing an amulet of faith and carrying a wand of iceblast (8) (68% to hit)
The bolt of acid misses the orc warrior.
The orc warrior hits you with a +0 vorpal great sword.
You die...

.8.#..###).# #..#
...........# .## #..#
..._..###..# ..# #..#
_..####....# .. .#).#
####......## ..
.##..# ##.......##
.##.##...# .##...).##
...##....# ..###)###
###o###.....#
.##.....##
##.@...##...>#
##....)..##
##..†.#..##...#
#..#.#.#..###..#..#
.##(.#
..#######..#..##..#
#..#
..#.....#..#.###.#..
#..#
.#.......#.'....###..
#..#
..#.....#..#.....#
### #..#
..#######..#..###..#
#..# #..#.#.#..###..#
.# ##..#


You could see an orc warrior.

Vanquished Creatures
  A two-headed ogre (D:8)
  An ugly thing (D:8)
  A manticore (D:8)
  Sigmund (D:5)
  A yak (D:8)
  A wyvern (D:8)
  2 steam dragons (D:8)
  A vampire mosquito (D:8)
  Edmund (D:5)
  A water moccasin (D:5)
  3 sky beasts
  A hornet zombie (D:8)
  An ice beast (D:6)
  An orc warrior (D:7)
  2 black bears (D:7)
  2 ogres (D:6)
  A necrophage (D:6)
  2 centaurs (D:8)
  2 phantoms
  3 bullfrogs
  2 kobold brigands (D:8)
  2 scorpions
  A water moccasin skeleton (D:5)
  10 killer bees (D:8)
  3 howler monkeys
  3 bullfrog zombies
  A centaur zombie (D:5)
  2 orc priests
  A jelly (D:6)
  2 hounds
  A bullfrog skeleton (D:4)
  2 iguanas
  A gnoll shaman (D:6)
  4 orc wizards
  A killer bee zombie (D:8)
  A hound skeleton (D:3)
  A howler monkey zombie (D:8)
  3 gnolls (D:6)
  8 adders
  2 shadow imps (D:7)
  2 ufetubi
  3 adder zombies
  2 adder skeletons
  A worm (D:2)
  2 dart slugs
  28 orcs
  5 bats
  4 endoplasms
  A giant cockroach (D:1)
  6 goblins
  6 hobgoblins
  14 jackals
  2 quokkas
  7 ball pythons
  A ball python skeleton (D:3)
  A ball python zombie (D:3)
  4 frilled lizards
  A giant cockroach zombie (D:3)
  6 kobolds
  2 quokka skeletons (D:3)
  A quokka zombie (D:3)
  3 rats
182 creatures vanquished.

Vanquished Creatures (others)
  An orc (D:8)
  A withered plant (D:3)
2 creatures vanquished.

Grand Total: 184 creatures vanquished

Notes
Turn   | Place    | Note
-------+----------+-------------------------------------------
     0 | D:1      | Malachi the Ghoul Fighter began the quest for the Orb.
     0 | D:1      | Reached XP level 1. HP: 19/19 MP: 0/0
   303 | D:1      | Reached skill level 2 in Maces & Flails
   303 | D:1      | Reached XP level 2. HP: 26/26 MP: 1/1
   765 | D:1      | Reached XP level 3. HP: 30/31 MP: 2/2
   772 | D:1      | Found a faded altar of an unknown god.
   802 | D:1      | Became a worshipper of Cheibriados the Contemplative
   802 | D:1      | Reached * piety under Cheibriados
  1230 | D:2      | Reached ** piety under Cheibriados
  1417 | D:2      | Reached XP level 4. HP: 40/40 MP: 3/3
  2144 | D:3      | Reached XP level 5. HP: 46/46 MP: 4/4
  2167 | D:3      | Reached skill level 3 in Maces & Flails
  2261 | D:3      | Reached *** piety under Cheibriados
  2262 | D:3      | Reached skill level 1 in Invocations
  2934 | D:3      | Found an ancient bone altar of Kikubaaqudgha.
  3005 | D:3      | Found a snail-covered altar of Cheibriados.
  3014 | D:3      | Found a stormy altar of Qazlal.
  3034 | D:4      | Found Sitoapaan's Antique Armour Emporium.
  3048 | D:4      | Noticed a phantom
  3065 | D:4      | Killed a phantom
  3066 | D:4      | Reached XP level 6. HP: 36/52 MP: 6/6
  3289 | D:4      | Found a shimmering altar of Xom.
  3454 | D:4      | Found a basalt altar of Yredelemnul.
  3454 | D:4      | You fall into a shaft and drop 2 floors!
  3479 | D:6      | Found Zoism's Assorted Antiques.
  3487 | D:6      | Reached skill level 4 in Maces & Flails
  3501 | D:6      | Found a staircase to the Ecumenical Temple.
  3540 | D:6      | Reached XP level 7. HP: 55/59 MP: 7/7
  3591 | D:6      | Reached **** piety under Cheibriados
  3843 | D:5      | Entered Level 5 of the Dungeon
  3931 | D:5      | Reached XP level 8. HP: 64/67 MP: 9/9
  4199 | D:5      | Reached skill level 5 in Maces & Flails
  4352 | D:5      | Noticed Sigmund
  4356 | D:5      | Killed Sigmund
  4357 | D:5      | Reached skill level 5 in Shields
  4419 | D:5      | Noticed Edmund
  4430 | D:5      | Killed Edmund
  5293 | D:4      | Bought a fine chain mail for 199 gold pieces
  5293 | D:4      | Identified the +3 chain mail of Ceqabyas {rPois Will+ rCorr
                  | Dex-5} (You bought it in a shop on level 4 of the Dungeon)
  5454 | D:6      | Reached skill level 6 in Maces & Flails
  5456 | D:6      | Reached skill level 5 in Fighting
  5725 | D:6      | Found a shadowy altar of Dithmenos.
  5725 | D:6      | Found an ornate altar of the Wu Jian Council.
  5726 | D:6      | Found a bloodstained altar of Trog.
  5736 | D:6      | Found an iron altar of Okawaru.
  5800 | D:7      | Reached skill level 5 in Armour
  5800 | D:7      | Reached XP level 9. HP: 64/74 MP: 11/11
  5939 | D:7      | Reached ***** piety under Cheibriados
  5948 | D:7      | Reached skill level 5 in Invocations
  7130 | D:8      | Reached skill level 7 in Maces & Flails
  7179 | D:8      | Reached skill level 1 in Stealth
  7564 | D:8      | Found a basalt altar of Yredelemnul.
  7611 | D:8      | Reached XP level 10. HP: 38/82 MP: 6/14
  8033 | D:8      | Noticed a two-headed ogre
  8041 | D:8      | Killed a two-headed ogre
  8048 | D:8      | Reached skill level 8 in Maces & Flails
  8048 | D:8      | Noticed a cyan ugly thing
  8049 | D:8      | Noticed a manticore
  8062 | D:8      | Killed a cyan ugly thing
  8068 | D:8      | HP: 3/83 [manticore (7)]
  8069 | D:8      | Killed a manticore
  8070 | D:8      | Slain by an orc warrior

Illustrated notes

Levels and vault maps discovered:
D:1:      dpeg_arrival_long_road, layout_loops_cross,
          hellmonk_ecumenical_altar_run_dry, chequers_serial_rivers_micro_b,
          minmay_misc_feat_iff
D:2:      layout_basic, kennysheep_flooded_box
D:3:      layout_rooms, kiku_gazebo_pond_becter, mainiacjoe_overflow_swirl,
          serial_undead, serial_undead_b, serial_undead_e, serial_undead_c,
          serial_undead_d, serial_undead_d, serial_undead_c
D:4:      layout_layer_cave, mainiacjoe_overflow_24_doors,
          mainiacjoe_overflow_cross_hatched, serial_shops, nicolae_shop_stone,
          corexii_checkpoint_a
D:5:      layout_basic, sigmund_edmund_badplayer
D:6:      layout_rooms, nicolae_overflow_quartered_altars, temple_fountains,
          serial_shops, shop, corner_web_ring, uniq_edmund
D:7:      layout_loops_ring, minmay_increasing_density
D:8:      minmay_the_grid_octo_2x2 [minmay_the_grid_octo_vomiting_pacman,
          minmay_the_grid_octo_chip, minmay_the_grid_octo_pinwheel,
          minmay_the_grid_octo_prize_ultimate_mussel_roller], layout_basic,
          tso_oasis_becter

Skill      XL: |  1  2  3  4  5  6  7  8  9 10 |
---------------+-------------------------------+-----
Maces & Flails | 2 3 4 6 7 8 |  8.3
Shields        | 3 4 5 6 7 |  7.2
Armour         | 3 4 5 6 |  6.2
Invocations    | 1 2 3 4 6 7 |  7.6
Fighting       | 4 5 6 |  6.2
Stealth        | 1 |  1.0
Dodging        | |  0.4
Evocations     | |  0.4

Action                   |  1- 3 |  4- 6 |  7- 9 | 10-12 || total
-------------------------+-------+-------+-------+-------++-------
Melee: Flail             |   131 |   206 |   321 |    72 ||   730
Invok: Slouch            |       |       |       |     1 ||     1
Evoke: Wand              |       |       |     4 |     1 ||     5
  Use: Scroll            |     1 |     6 |     8 |       ||    15
       Potion            |       |     7 |     1 |       ||     8
Armor: Scale mail        |   102 |   107 |       |       ||   209
       Chain mail        |       |    33 |   242 |    38 ||   313
Dodge: Dodged            |    64 |   108 |   116 |    39 ||   327
Block: Kite shield       |    75 |   168 |   291 |    78 ||   612

Table legend: (Time is in decaauts)
 A = Elapsed time spent in this place.
 B = Non-inter-level travel time spent in this place.
 C = Inter-level travel time spent in this place.
 D = Time resting spent in this place.
 E = Time spent auto-exploring this place.
 F = Levels seen in this place.
 G = Mean time per level.
                   A        B        C        D        E       F      G
               +--------+--------+--------+--------+--------+-----+--------+
         Total |  11560 |  11162 |    398 |   1032 |   8106 |   8 | 1445.0 |
       Dungeon |  11560 |  11162 |    398 |   1032 |   8106 |   8 | 1445.0 |
               +--------+--------+--------+--------+--------+-----+--------+

Top non-repeatable levels by time:
     D:8: 1955 daAuts
     D:5: 1693 daAuts
     D:7: 1615 daAuts
     D:3: 1469 daAuts
     D:4: 1275 daAuts
     D:1: 1207 daAuts
     D:6: 1194 daAuts
     D:2: 1150 daAuts
